 Dungeon Crawl Stone Soup version 0.20.1-1-g8b1a95d (webtiles) character file.

170 Demanufactor the Digger (level 5, -1/28 HPs)
             Began as a Gargoyle Earth Elementalist on Dec 4, 2017.
             Slain by Sigmund
             ... wielding a +0 scythe
              (16 damage)
             ... on level 3 of the Dungeon.
             The game lasted 00:16:49 (2424 turns).

Demanufactor the Digger (GrEE)                      Turns: 2424, Time: 00:16:49

Health: -1/28      AC:  6    Str: 11    XL:     5   Next: 51%
Magic:  3/10       EV: 12    Int: 17    God:
Gold:   196        SH:  0    Dex: 10    Spells: 7/11 levels left

rFire    . . .     SeeInvis .   y - +0 flail
rCold    . . .     Gourm    .   (no shield)
rNeg     + . .     Faith    .   c - +0 robe
rPois    ∞         Spirit   .   (no helmet)
rElec    +         Reflect  .   (no cloak)
rCorr    .         Harm     .   (no gloves)
MR       .....                  (no boots)
Stlth    ++........             (no amulet)
Regen    0.1/turn               (no ring)
MPRegen  0.2/turn               (no ring)

@: no status effects
A: negative energy resistance 1, electricity resistance, unbreathing,
petrification resistance, rot immunity, AC +4
a: no special abilities


You were on level 3 of the Dungeon.
You were not hungry.

You visited 1 branch of the dungeon, and saw 3 of its levels.

You collected 196 gold pieces.

Inventory:

Hand Weapons
 i - a +0 dagger
 y - a +0 flail (weapon)
Missiles
 b - 25 stones (quivered)
Armour
 c - a +0 robe (worn)
Jewellery
 r - an uncursed ring of resist corrosion {unknown}
Scrolls
 k - a scroll of magic mapping {unknown}
 m - 5 scrolls of identify {unknown}
 n - 2 scrolls of remove curse {unknown}
 o - 3 scrolls of teleportation {unknown}
 q - 2 scrolls of enchant armour {unknown}
 u - a scroll of enchant weapon {unknown}
 v - a scroll of fear {unknown}
 w - a scroll of noise {unknown}
 z - a scroll of fog {unknown}
Potions
 g - a potion of mutation {unknown}
 j - a potion of degeneration {unknown}
 l - a potion of might {unknown}
 p - 2 potions of brilliance {unknown}
 s - a potion of flight {unknown}
 t - a potion of heal wounds {unknown}
Books
 e - a book of Geomancy

   Spells                             Type                      Level
   a - Sandblast                      Earth                        1
   b - Passwall                       Transmutation/Earth          2
   c - Stone Arrow                    Conjuration/Earth            3
   d - Petrify                        Transmutation/Earth          4
   e - Lee's Rapid Deconstruction     Earth                        5
Comestibles
 a - 2 meat rations
 d - 2 bread rations
 f - 2 fruits
 h - 2 royal jellies
 x - 14 chunks of flesh


   Skills:
 - Level 1.5 Dodging
 - Level 2.1 Stealth
 + Level 3.5 Spellcasting
 + Level 2.4 Conjurations
   Level 0.7 Transmutations
 + Level 5.2 Earth Magic


You had 7 spell levels left.
You knew the following spells:

 Your Spells              Type           Power        Failure   Level  Hunger
a - Sandblast             Erth           ###...       1%          1    None
b - Stone Arrow           Conj/Erth      ###...       11%         3    ###....


Dungeon Overview and Level Annotations

Branches:
Dungeon (3/15)

Altars:

Annotations:
D:3 Sigmund


Innate Abilities, Weirdness & Mutations

You are resistant to torment.
Your stone body is resilient. (AC +4)
You are immune to poison.
You resist negative energy. (rN+)
You are resistant to electric shocks. (rElec)
You can survive without breathing.
You are immune to petrification.
You are immune to rotting.


Message History

You're too confused!
Sigmund mumbles some strange words.
Sigmund flickers and vanishes!
Deactivating autopickup; reactivate with Ctrl-A.
You bump into the rock wall.
The adder closely misses you. The adder bites you but does no damage.
Something hits you! The adder closely misses you.
You bump into the rock wall.
The adder barely misses you.
You closely miss the adder.
You feel less confused. The adder misses you. Something barely misses you.
The adder bites you but does no damage.
You miss the adder. The adder barely misses you.
Something hits you but does no damage. The adder bites you but does no damage.
You barely miss the adder. The adder barely misses you.
Something barely misses you. The adder barely misses you.
You closely miss the adder. The adder bites you but does no damage.
Something hits you!
Ouch! That really hurt!
You die...

##...........####
#............# ######..
....#..........#
.......#
######.........# ..###
##.......## #...##
##....<## ###..#####
####.#####
##.....###########......
#
#####........@S{.......
# #############...... #
##..... ## ..... .# ...
.# .. ## #


You could see an adder.

Vanquished Creatures
  An orc wizard (D:3)
  An iguana (D:3)
  4 gnolls (D:2)
  An ooze (D:3)
  3 worms (D:2)
  2 dart slugs (D:1)
  3 leopard geckos
  2 orcs (D:3)
  7 bats
  2 giant cockroaches (D:1)
  9 goblins
  6 hobgoblins
  2 jackals (D:3)
  7 kobolds
  3 frilled lizards
  5 rats
58 creatures vanquished.

Notes
Turn   | Place    | Note
-------+----------+-------------------------------------------
     0 | D:1      | Demanufactor the Gargoyle Earth Elementalist began the quest for the Orb.
     0 | D:1      | Reached XP level 1. HP: 10/10 MP: 3/3
   121 | D:1      | Reached skill level 4 in Earth Magic
   121 | D:1      | Reached XP level 2. HP: 15/15 MP: 0/5
   790 | D:1      | Reached XP level 3. HP: 19/19 MP: 5/7
   814 | D:1      | Learned a level 3 spell: Stone Arrow
  1155 | D:2      | Reached skill level 1 in Conjurations
  1155 | D:2      | Reached XP level 4. HP: 20/24 MP: 4/8
  1778 | D:3      | Reached skill level 5 in Earth Magic
  1833 | D:3      | Noticed Sigmund
  2016 | D:2      | Reached XP level 5. HP: 28/28 MP: 7/9
  2424 | D:3      | Slain by Sigmund

Skill      XL: |  1  2  3  4 |
---------------+-------------+-----
Earth Magic    | 4 5 |  5.2
Spellcasting   | 3 |  3.5
Conjurations   | 1 2 |  2.4
Dodging        | |  1.5
Stealth        | |  2.1
Transmutations | |  0.7

Action                   |  1- 3 |  4- 6 || total
-------------------------+-------+-------++-------
Melee: Club              |     5 |     5 ||    10
       Flail             |       |     5 ||     5
 Cast: Sandblast         |    38 |    51 ||    89
       Stone Arrow       |       |     2 ||     2
  Eat: Chunk             |     1 |     4 ||     5
Armor: Robe              |     2 |     5 ||     7
Dodge: Dodged            |    11 |    27 ||    38
